 Dungeon Crawl Stone Soup version 0.19-a0-611-gb5a7e8d (webtiles) character file.

3954 shmeve the Blocker (level 10, 0/90 HPs)
             Began as a Minotaur Berserker on June 12, 2016.
             Was an Elder of Trog.
             Slain by Psyche
             ... wielding a +0 dagger of distortion
              (21 damage)
             ... on level 8 of the Dungeon.
             The game lasted 00:11:34 (6123 turns).

shmeve the Blocker (Minotaur Berserker)             Turns: 6123, Time: 00:11:34

Health: 0/90       AC: 14    Str: 23    XL:     10   Next: 2%
Magic:  9/9        EV: 14    Int:  4    God:    Trog [****..]
Gold:   370        SH:  6    Dex: 15    Spells: 0 memorised, 9 levels left

rFire  . . .     SeeInvis .     x - +0 war axe
rCold  . . .     Gourm    .     p - +1 chain mail {MR+}
rNeg   . . .     Faith    +     m - +0 buckler
rPois  .         Spirit   .     (helmet restricted)
rElec  .         Dismiss  .     G - +0 cloak
rCorr  .         Reflect  .     y - +0 pair of gloves
SustAt .         Harm     .     A - +0 pair of boots
MR     +....                    J - amulet of faith
Stlth  ..........               q - +3 ring of evasion
                                h - +3 ring of dexterity

@: about to teleport, somewhat resistant to hostile enchantments, extremely
unstealthy
A: retaliatory headbutt, horns 2
a: Berserk, Trog's Hand, Brothers in Arms, Burn Spellbooks, Renounce Religion


You were on level 8 of the Dungeon.
You worshipped Trog.
Trog was greatly pleased with you.
You were very hungry.

You visited 1 branch of the dungeon, and saw 8 of its levels.

You collected 552 gold pieces.
You spent 182 gold pieces at shops.

Inventory:

Hand Weapons
 d - a +0 hunting sling
 x - a +0 war axe (weapon)
Missiles
 b - 69 sling bullets
Armour
 m - a +0 buckler (worn)
 p - a +1 chain mail of magic resistance (worn)
 y - a +0 pair of gloves (worn)
 A - a +0 pair of boots (worn)
 G - a +0 cloak (worn)
Jewellery
 h - a +3 ring of dexterity (left hand)
 q - a +3 ring of evasion (right hand)
 J - an amulet of faith (around neck)
Wands
 C - a wand of teleportation (6/9)
 M - a wand of digging (13/24)
Scrolls
 e - 5 scrolls of fog {unknown}
 g - 8 scrolls of remove curse
 i - 8 scrolls of identify
 j - 2 scrolls of immolation {unknown}
 n - 3 scrolls of blinking {unknown}
 t - a scroll of vulnerability {unknown}
 w - 3 scrolls of random uselessness {unknown}
 D - 4 scrolls of enchant armour {unknown}
 E - 2 scrolls of amnesia {unknown}
 F - a scroll of teleportation {unknown}
 H - a scroll of magic mapping {unknown}
 L - a scroll of recharging {unknown}
 O - a scroll of summoning {unknown}
Potions
 a - a potion of mutation {unknown}
 f - 3 potions of agility {unknown}
 k - 3 potions of haste {unknown}
 l - 2 potions of cancellation {unknown}
 o - 4 potions of flight {unknown}
 r - a potion of ambrosia {unknown}
 u - 2 potions of might {unknown}
 v - 2 potions of curing {unknown}
 z - 3 potions of heal wounds {unknown}
 K - a potion of degeneration {unknown}
Comestibles
 c - 9 bread rations
 s - 4 fruits
 B - 3 meat rations
 I - 9 slices of pizza
 N - a beef jerky
 Q - a royal jelly


   Skills:
 * Level 8.9 Fighting
 * Level 8.5 Axes
 + Level 4.9 Slings
 + Level 5.9 Armour
 + Level 5.5 Dodging
 * Level 9.1 Shields


You had 9 spell levels left.
You didn't know any spells.

Dungeon Overview and Level Annotations

Branches:
Dungeon (8/15)             Temple (0/1) D:4
   Lair: D:8-11

Altars:
Cheibriados
Dithmenos
Elyvilon
Gozag
Makhleb
Nemelex Xobeh
Okawaru
Pakellas
Qazlal
Ru
Vehumet
The Shining One

Shops:
D:5 ?

Annotations:
D:8 Maurice, Psyche


Innate Abilities, Weirdness & Mutations

You reflexively headbutt those who attack you in melee.
You have a pair of horns on your head.


Message History

Space warps horribly around you!
Psyche zaps a wand.
The bolt of lightning hits you!
* * * LOW HITPOINT WARNING * * *
You barely miss Psyche. You headbutt Psyche!
Psyche is moderately wounded.
Psyche gestures at you while chanting. The magic dart hits you!
Psyche hits you with a dagger of distortion.
* * * LOW HITPOINT WARNING * * *
Space bends around you.
* * * LOW HITPOINT WARNING * * *
You hit Psyche but do no damage.
Psyche is moderately wounded.
You block Psyche's attack. Psyche hits you but does no damage.
You feel strangely unstable.
You hit Psyche.
Psyche is moderately wounded.
Psyche barely misses you. Psyche hits you but does no damage.
Space warps horribly around you!
You die...

.........................#
#
.......................###
## ......................#
#. ...(..............[...#
##.
......................#
#(.
......................#
#..
......................#
##..
................).....#
###...
................@.....#
###.....
......).........@.....#
##......#
......................#
#.....###
...............###...###
..............##...##
.............##...#
.............##...#
##.#....##.####..## #..
#...#


You could see Psyche.

Vanquished Creatures
  A griffon (D:7)
  3 polar bears (D:7)
  Prince Ribbit (D:6)
  3 yaks (D:7)
  2 hogs (D:7)
  Menkaure (D:5)
  A water moccasin (D:8)
  A black bear (D:7)
  An orc warrior (D:8)
  3 ogres
  2 wolves (D:7)
  The ghost of jestert79 the Insei, an amateur DgTm (D:3)
  2 giant frogs
  Blork the orc (D:6)
  2 water moccasin skeletons (D:8)
  4 wights (D:7)
  2 crimson imps
  An orc priest (D:4)
  4 hounds (D:7)
  2 jellies (D:8)
  A giant frog skeleton (D:4)
  2 iguanas
  An orc wizard (D:3)
  3 worker ants
  2 sheep (D:7)
  A hound zombie (D:5)
  5 adders
  A shadow imp (D:8)
  An ooze (D:1)
  A worm (D:2)
  5 giant geckos
  14 orcs
  11 bats
  5 giant cockroaches
  5 hobgoblins
  2 jackals (D:3)
  5 kobolds
  3 quokkas
  3 ball pythons
  3 giant newts
  9 goblins
  4 rats
125 creatures vanquished.

Vanquished Creatures (others)
  An orc (D:8)
1 creature vanquished.

Grand Total: 126 creatures vanquished

Notes
Turn   | Place    | Note
--------------------------------------------------------------
     0 | D:1      | shmeve the Minotaur Berserker began the quest for the Orb.
     0 | D:1      | Reached XP level 1. HP: 19/19 MP: 0/0
   534 | D:1      | Reached XP level 2. HP: 25/27 MP: 1/1
  1194 | D:1      | Reached skill level 1 in Slings
  1236 | D:2      | Reached XP level 3. HP: 22/33 MP: 2/2
  1434 | D:2      | Found an oddly glowing altar of Pakellas.
  1461 | D:2      | Found an opulent altar of Gozag.
  1500 | D:2      | Reached ** piety under Trog
  1544 | D:2      | Reached skill level 1 in Shields
  1556 | D:2      | Found a stormy altar of Qazlal.
  1833 | D:3      | Reached skill level 2 in Shields
  1838 | D:3      | Noticed jestert79's ghost (amateur DgTm)
  1847 | D:3      | Reached XP level 4. HP: 32/40 MP: 3/3
  1849 | D:3      | Killed jestert79's ghost
  1849 | D:3      | Reached skill level 4 in Shields
  1849 | D:3      | Reached XP level 5. HP: 37/46 MP: 4/4
  1923 | D:3      | Found a burning altar of Makhleb.
  1923 | D:3      | Noticed an Executioner
  2335 | D:4      | Found a staircase to the Ecumenical Temple.
  2412 | D:4      | Noticed an ogre
  2416 | D:4      | Killed an ogre
  2416 | D:4      | Reached XP level 6. HP: 40/53 MP: 5/5
  2680 | D:4      | Reached skill level 5 in Shields
  2681 | D:4      | Reached *** piety under Trog
  3102 | D:4      | Reached skill level 5 in Fighting
  3102 | D:4      | Reached skill level 5 in Axes
  3315 | D:5      | Entered Level 5 of the Dungeon
  3324 | D:5      | Found a sacrificial altar of Ru.
  3494 | D:5      | Reached XP level 7. HP: 61/61 MP: 6/6
  3795 | D:5      | Noticed Menkaure
  3800 | D:5      | Killed Menkaure
  3818 | D:5      | Found a radiant altar of Vehumet.
  3818 | D:5      | Found Miamiodil's Magic Scroll Shoppe.
  3846 | D:5      | Found a shadowy altar of Dithmenos.
  3846 | D:5      | Found a white marble altar of Elyvilon.
  3846 | D:5      | Found a snail-covered altar of Cheibriados.
  3847 | D:5      | Found a glowing golden altar of the Shining One.
  3904 | D:5      | Bought a scroll of remove curse for 42 gold pieces
  3904 | D:5      | Bought a scroll of identify for 28 gold pieces
  3904 | D:5      | Bought a scroll of identify for 28 gold pieces
  3904 | D:5      | Bought 3 scrolls of identify for 84 gold pieces
  4119 | D:6      | Noticed Prince Ribbit
  4139 | D:6      | Killed Prince Ribbit
  4139 | D:6      | Reached skill level 6 in Shields
  4388 | D:6      | You fall through a shaft for 2 floors!
  4402 | D:7      | Reached XP level 8. HP: 60/70 MP: 7/7
  4652 | D:7      | Found a huge runed gate.
  4652 | D:7      | Noticed a polar bear
  4654 | D:7      | Found a huge runed gate.
  4654 | D:7      | Found a huge runed gate.
  4654 | D:7      | Found a huge runed gate.
  4654 | D:7      | Noticed a griffon
  4715 | D:6      | Noticed Blork the orc
  4720 | D:6      | Killed Blork the orc
  4841 | D:6      | Found a sparkling altar of Nemelex Xobeh.
  4870 | D:6      | Found an iron altar of Okawaru.
  5413 | D:7      | Noticed a polar bear
  5414 | D:7      | Noticed a polar bear
  5490 | D:7      | Reached skill level 7 in Shields
  5539 | D:7      | Killed a polar bear
  5539 | D:7      | Reached skill level 5 in Armour
  5541 | D:7      | Killed a griffon
  5541 | D:7      | Reached XP level 9. HP: 79/79 MP: 8/8
  5541 | D:7      | Received a gift from Trog
  5542 | D:7      | Reached skill level 8 in Shields
  5545 | D:7      | Killed a polar bear
  5545 | D:7      | Reached skill level 5 in Dodging
  5546 | D:7      | Killed a polar bear
  5546 | D:7      | Reached **** piety under Trog
  5617 | D:8      | Reached skill level 9 in Shields
  5703 | D:8      | Noticed Maurice
  6046 | D:8      | Reached XP level 10. HP: 90/90 MP: 9/9
  6112 | D:8      | Noticed Psyche
  6123 | D:8      | Slain by Psyche

Vault maps used:
D:1:      shiori_arrival_maze
D:2:      old_standard_altar, grunt_qazlal_sundering, grunt_pakellas_salt
D:3:      makhleb_altar_promises_db
D:4:      minmay_temple_entry_junction, first_bread, minmay_joined_circles
D:5:      overflow_temple_1_default, grunt_temple_overflow_open, serial_shops,
          nicolae_shop_waterfront, uniq_menkaure
D:6:      old_standard_altar, nicolae_overflow_crystal_walls,
          roderic_roman_lattice, uniq_blork_the_orc, uniq_prince_ribbit1
D:7:      lemuel_bear_cage, serial_corexii_hall, corexii_hall_statues_deadend,
          corexii_hall_statues_deadend
D:8:      serial_curves, eino_curves_04, eino_curves_02, grunt_pizzeria,
          kennysheep_generic_room_5, uniq_maurice, uniq_psyche

Skill      XL: |  1  2  3  4  5  6  7  8  9 |
---------------+----------------------------+-----
Fighting       | 4 5 7 8 |  8.9
Slings         | 1 2 4 |  4.9
Axes           | 4 5 7 8 |  8.5
Shields        | 2 4 5 6 7 9 |  9.1
Armour         | 3 4 5 |  5.9
Dodging        | 3 4 5 |  5.5

Action                   |  1- 3 |  4- 6 |  7- 9 | 10-12 || total
-------------------------+-------+-------+-------+-------++-------
Melee: Hand axe          |    84 |     8 |       |       ||    92
       Headbutt          |    13 |    14 |    21 |     1 ||    49
       War axe           |       |    63 |   117 |     7 ||   187
Invok: Berserk           |     1 |       |     4 |       ||     5
       Burn Spellbooks   |       |     1 |     3 |       ||     4
       Trog's Hand       |       |       |     1 |       ||     1
Evoke: Wand              |       |       |     3 |       ||     3
  Eat: Chunk             |     2 |     5 |     9 |       ||    16
       Beef jerky        |       |       |     2 |       ||     2
       Pizza             |       |       |     1 |       ||     1
Armor: Animal skin       |     2 |       |       |       ||     2
       Scale mail        |    32 |     7 |       |       ||    39
       Chain mail        |       |    15 |    47 |     7 ||    69
Dodge: Dodged            |    54 |    46 |    93 |     9 ||   202
Block: Buckler           |       |    16 |    45 |     3 ||    64
